 Dungeon Crawl Stone Soup version 0.29.1-14-g9c671dbff4 (webtiles) character file.

Game seed: 2192638225911123530

727 Sanktem7 the Trooper (level 7, 0/66 HPs)
             Began as a Minotaur Fighter on Feb 20, 2023.
             Was an Initiate of Okawaru.
             Slain by a lemure (4 damage)
             ... led by Pikel
             ... on level 5 of the Dungeon.
             The game lasted 00:09:55 (4389 turns).

Sanktem7 the Trooper (Minotaur Fighter)             Turns: 4389, Time: 00:09:55

Health: 0/66       AC:  7    Str: 22      XL:     7   Next: 44%
Magic:  6/6        EV:  6    Int:  8 (9)  God:    Okawaru [......]
Gold:   131        SH:  4    Dex:  7 (8)  Spells: 6/6 levels left

rFire   + . .      SeeInvis .   o - +0 war axe (flame) {axe}
rCold   x . .      Faith    .   c - +0 buckler
rNeg    . . .      Spirit   .   n - +0 plate armour
rPois   .          Reflect  .   (helmet restricted)
rElec   .          Harm     .   (no cloak)
rCorr   .          Rampage  .   (no gloves)
Will    .....                   (no boots)
Stlth   ..........              (no amulet)
HPRegen 0.21/turn               b - ring of fire
MPRegen 0.10/turn               (no ring)

@: no status effects
A: horns 2, retaliatory headbutt, clever 1, deformed body, deterioration 1
a: Renounce Religion


You were on level 5 of the Dungeon.
You worshipped Okawaru.
Okawaru was noncommittal.
You visited 2 branches of the dungeon, and saw 6 of its levels.

You collected 131 gold pieces.


Innate Abilities, Weirdness & Mutations

You have a pair of horns on your head.
You reflexively headbutt those who attack you in melee.
Your mind is acute. (Int +4, Str/Dex -1)
Armour fits poorly on your strangely shaped body.
Your body sometimes deteriorates upon taking damage.


   Skills:
 * Level 7.2 Fighting
 * Level 6.7 Axes
 + Level 5.6 Armour
 - Level 3.6 Shields


You had 6 spell levels left.
You didn't know any spells.
Your spell library contained the following spells:

 Spells                   Type           Power      Damage    Failure   Level
 Blink                    Tloc           0%         N/A       100%        2
 Lesser Beckoning         Tloc           0%         N/A       100%        3
 Portal Projectile        Hex/Tloc       0%         N/A       100%        3
 Blade Hands              Tmut           0%         N/A       100%        5
 Manifold Assault         Tloc           0%         N/A       100%        5
 Tukima's Dance           Hex            Unusable   N/A       N/A         3

Inventory:

Hand Weapons
 o - a +0 war axe of flaming (weapon) {axe}
   (You found it on level 2 of the Dungeon)
 p - the +7 great sword of Ciruawom {freeze, rPois Stlth+, long}
   (You found it on level 3 of the Dungeon)

   It freezes those it strikes, dealing additional cold damage.
   It can also slow down cold-blooded creatures.
   rPois:     It protects you from poison.
   Stlth:     It makes you more stealthy.
Missiles
 e - 47 stones (quivered) {throwing}
 s - 5 javelins {throwing}
 t - 8 poisoned darts {throwing}
Armour
 c - a +0 buckler (worn)
 i - an orb of guile
   (You found it on level 4 of the Dungeon)
 n - a +0 plate armour (worn)
   (You found it on level 2 of the Dungeon)
Jewellery
 b - a ring of fire (left hand)
   (You found it on level 3 of the Dungeon)
 h - a ring of protection from cold
   (You found it on level 4 of the Dungeon)
Scrolls
 a - 2 scrolls of amnesia
 f - a scroll of silence {!r}
 g - a scroll of noise {!r}
 r - a scroll of summoning
Potions
 d - a potion of might
 k - a potion of resistance
 l - a potion of lignification {unknown}
 m - 5 potions of curing {@q1}

Dungeon Overview and Level Annotations

Branches:
Dungeon (5/15) Zot: 25714  Temple (1/1) D:4 Zot: 5830

Altars:
Ashenzari
Cheibriados
Dithmenos
Fedhas
Gozag
Kikubaaqudgha
Makhleb
Nemelex Xobeh
Okawaru
Qazlal
Ru
Sif Muna
Trog
Uskayaw
Vehumet
Xom
Yredelemnul
Zin
The Shining One

Annotations:
D:5 Pikel

# ##.. ###.(.
######....#
#.......#
#!###5......#
#....K@..<..#
###..55.....#
#...#.......#
...#
#....$..# ##
#########


You could see Pikel and 3 lemures.


Message History

Pikel, Merchant of Souls comes into view.
He is wielding a +0 whip of freezing.
The lemure hits you but does no damage.
You slash the lemure! You burn the lemure. You slash the lemure!
You burn the lemure. The lemure hits you but does no damage.
The lemure hits you. 😕 HP[-5]
You take 5 damage, and now have 61/66 hp.
You closely miss the lemure. Your headbutt misses the lemure.
You barely miss the lemure. The lemure hits you! The lemure hits you. 😕 HP[-10]
You take 10 damage, and now have 51/66 hp.
You hit the lemure but do no damage.
You headbutt the lemure, but do no damage.
You closely miss the lemure. The lemure hits you. 😕 HP[-1]
You take 1 damage, and now have 50/66 hp.
You closely miss the lemure. You hit Pikel but do no damage.
The lemure closely misses you. You block the lemure's attack.
Pikel hits you with a +0 whip of freezing!
Your body deteriorates!
You feel dopey. Pikel freezes you.
The lemure hits you but does no damage. 😮 HP[-10]
You take 10 damage, and now have 40/66 hp.
You are too injured to fight recklessly!
You are too injured to fight recklessly!
You are too injured to fight recklessly!
You are too injured to fight recklessly!
You are too injured to fight recklessly!
You are too injured to fight recklessly!
You are too injured to fight recklessly!
You are too injured to fight recklessly!
You are too injured to fight recklessly!
You are too injured to fight recklessly!
You are too injured to fight recklessly!
You are too injured to fight recklessly!
You are too injured to fight recklessly!
You are too injured to fight recklessly!
You are too injured to fight recklessly!
You are too injured to fight recklessly!
You are too injured to fight recklessly!
You are too injured to fight recklessly!
You are too injured to fight recklessly!
You are too injured to fight recklessly!
Unknown command.
You closely miss Pikel. You closely miss the lemure. You hit the lemure.
You burn the lemure. You hit the lemure. You burn the lemure.
Pikel barely misses you.
A lemure comes into view.
The lemure barely misses you. You furiously retaliate!
You headbutt the lemure! The lemure hits you but does no damage.
The lemure hits you. 😮 HP[-4]
You take 4 damage, and now have 36/66 hp.
You slash Pikel! You burn Pikel. Your headbutt misses Pikel.
You closely miss the lemure. x2; You hit the lemure.
You burn the lemure. Pikel hits you but does no damage.
The lemure hits you but does no damage. The lemure hits you. x2
* * * LOW HITPOINT WARNING * * *
😨 HP[-3]
You take 3 damage, and now have 33/66 hp.
You slash Pikel! You burn Pikel. You headbutt Pikel.
You closely miss the lemure. You slash the lemure! You burn the lemure.
You closely miss the lemure.
Pikel hits you with a +0 whip of freezing.
* * * LOW HITPOINT WARNING * * *
Pikel freezes you.
* * * LOW HITPOINT WARNING * * *
You block the lemure's attack. The lemure hits you.
* * * LOW HITPOINT WARNING * * *
The lemure barely misses you. 😨 HP[-13]
You take 13 damage, and now have 20/66 hp.
You hit Pikel but do no damage. You closely miss the lemure.
You barely miss the lemure. You hit the lemure. You burn the lemure.
Pikel barely misses you. The lemure hits you but does no damage.
The lemure hits you.
* * * LOW HITPOINT WARNING * * *
The lemure barely misses you. You furiously retaliate!
You headbutt the lemure!
You kill the lemure!
That felt strangely unrewarding.
The lemure hits you but does no damage. You block Pikel's attack.
You block the lemure's attack. 😨 HP[-1]
You take 1 damage, and now have 19/66 hp.
You miss Pikel. Your headbutt misses Pikel. You hit the lemure.
You burn the lemure. You hit the lemure but do no damage.
You barely miss the lemure. The lemure hits you.
* * * LOW HITPOINT WARNING * * *
The lemure hits you but does no damage. Pikel barely misses you.
You furiously retaliate!
You headbutt Pikel. The lemure hits you.
* * * LOW HITPOINT WARNING * * *
😨 HP[-2]
You take 2 damage, and now have 17/66 hp.
You barely miss Pikel. You hit the lemure but do no damage. x2
You closely miss the lemure.
Pikel hits you with a +0 whip of freezing!
* * * LOW HITPOINT WARNING * * *
Your body deteriorates!
You feel clumsy. Pikel freezes you.
* * * LOW HITPOINT WARNING * * *
The lemure hits you but does no damage. The lemure hits you.
You die...

Skill      XL: |  1  2  3  4  5  6  7 |
---------------+----------------------+-----
Fighting       | 4 5 6 7 |  7.2
Axes           | 3 4 5 6 |  6.7
Armour         | 4 5 |  5.6
Shields        | |  3.6

Action                   |  1- 3 |  4- 6 |  7- 9 || total
-------------------------+-------+-------+-------++-------
Melee: War axe           |    47 |   150 |    37 ||   234
       Headbutt          |     7 |    19 |     7 ||    33
  Use: Scroll            |       |     7 |       ||     7
       Potion            |       |     3 |       ||     3
Armor: Scale mail        |    25 |     7 |       ||    32
       Plate armour      |       |    59 |    21 ||    80
Dodge: Dodged            |    23 |    49 |    15 ||    87
Block: Buckler           |     9 |    28 |     7 ||    44

Levels and vault maps discovered:
D:1:      minmay_arrival_diagonal_passages, layout_basic,
          dreamdust_ecumenical_altar_angels_and_demons, chequers_garden
D:2:      layout_loops_corners, basic_altar, minivault_5, moated_statue,
          uniq_sigmund, uniq_jessica
D:3:      layout_loops_ring, uniq_robin, uniq_natasha
D:4:      layout_basic, mainiacjoe_overflow_six_doors_small,
          minmay_temple_entry_tees, uniq_duvessa
D:5:      layout_basic, uniq_pikel
Temple:   nicolae_temple_bog_church

Notes
Turn   | Place    | Note
-------+----------+-------------------------------------------
     0 | D:1      | Sanktem7 the Minotaur Fighter began the quest for the Orb.
     0 | D:1      | Reached XP level 1. HP: 19/19 MP: 0/0
     0 | D:1      | magus.rc [v1.9.6]
   165 | D:1      | Found a faded altar of an unknown god.
   297 | D:1      | Reached skill level 4 in Fighting
   297 | D:1      | Reached XP level 2. HP: 27/27 MP: 1/1
   314 | D:1      | Reached skill level 3 in Axes
   452 | D:1      | You pick up a book of Spatial Translocations and begin
                  | reading...
   452 | D:1      | You add the spells Blink, Lesser Beckoning and Manifold
                  | Assault to your library.
   480 | D:1      | Reached XP level 3. HP: 33/33 MP: 2/2
   565 | D:1      | Reached skill level 4 in Armour
   724 | D:2      | Noticed Sigmund
   743 | D:2      | Killed Sigmund
   744 | D:2      | Reached skill level 5 in Fighting
   744 | D:2      | Reached skill level 4 in Axes
   744 | D:2      | Reached XP level 4. HP: 22/42 MP: 3/3
   744 | D:2      | Reached XP level 5. HP: 25/48 MP: 4/4
   991 | D:2      | Found a blossoming altar of Fedhas.
  1006 | D:2      | Noticed Jessica
  1014 | D:2      | Killed Jessica
  1015 | D:2      | Reached skill level 5 in Axes
  1929 | D:3      | Reached XP level 6. HP: 42/57 MP: 5/5
  2207 | D:3      | Reached skill level 6 in Fighting
  2315 | D:3      | Identified the +7 great sword of Ciruawom {freeze, rPois
                  | Stlth+}
  2357 | D:3      | Noticed Robin
  2362 | D:3      | Killed Robin
  2363 | D:3      | Reached skill level 5 in Armour
  2576 | D:3      | Noticed Natasha
  2583 | D:3      | Killed Natasha
  2706 | D:3      | Noticed Natasha
  2711 | D:3      | Killed Natasha
  2744 | D:3      | Noticed Natasha
  2748 | D:3      | Killed Natasha
  2821 | D:3      | Reached skill level 6 in Axes
  3138 | D:3      | Gained mutation: Your flesh is heat resistant. (rF+)
                  | [potion of mutation]
  3138 | D:3      | Lost mutation: Your flesh is heat resistant. (rF+) [potion
                  | of mutation]
  3139 | D:3      | Gained mutation: You are partially covered in large bone
                  | plates. (SH +4) [potion of mutation]
  3140 | D:3      | Lost mutation: You are partially covered in large bone
                  | plates. (SH +4) [potion of mutation]
  3140 | D:3      | Gained mutation: Your body sometimes deteriorates upon
                  | taking damage. [potion of mutation]
  3140 | D:3      | Gained mutation: Armour fits poorly on your strangely
                  | shaped body. [potion of mutation]
  3140 | D:3      | Gained mutation: Your mind is acute. (Int +4, Str/Dex -1)
                  | [potion of mutation]
  3400 | D:4      | Found a staircase to the Ecumenical Temple.
  3408 | D:4      | Reached XP level 7. HP: 63/64 MP: 6/6
  3426 | Temple   | Entered the Ecumenical Temple
  3569 | Temple   | Became a worshipper of Warmaster Okawaru
  3664 | D:4      | You pick up a book of Weapons and begin reading...
  3664 | D:4      | You add the spells Portal Projectile and Blade Hands to
                  | your library.
  3785 | D:4      | Found a radiant altar of Vehumet.
  3877 | D:4      | Noticed Duvessa
  3877 | D:4      | Noticed Dowan
  3888 | D:4      | Killed Duvessa
  3889 | D:4      | Reached skill level 7 in Fighting
  3892 | D:4      | HP: 16/66 [Dowan/stone arrow (12)]
  3904 | D:4      | Killed Dowan
  4376 | D:5      | Entered Level 5 of the Dungeon
  4378 | D:5      | Noticed Pikel
  4389 | D:5      | HP: 8/66 [Pikel/+0 whip of freezing (9)]
  4389 | D:5      | Slain by a lemure

Vanquished Creatures
  Sigmund (D:2)
  Duvessa (D:4)
  A lemure (D:5)
  Dowan (D:4)
  2 hounds
  An orc priest (D:3)
  Jessica (D:2)
  Natasha (thrice) (D:3)
  An orc wizard (D:4)
  Robin (D:3)
  8 adders
  7 worms
  6 dart slugs
  6 orcs
  4 bats
  6 endoplasms
  6 giant cockroaches
  17 goblins
  2 hobgoblins
  5 kobolds
  5 quokkas
  7 ball pythons
  3 frilled lizards
  5 rats
100 creatures vanquished.

Table legend:
 A = Non-vault XP
 B = Vault XP
 C = Vault XP percentage of total XP
 D = Non-vault monster count
 E = Vault monster count
 F = Vault count percentage of total count
                 A         B        C        D         E       F
            +---------+---------+-------+---------+---------+-------
      Total |     493 |     546 |  52.6 |      81 |      18 |  18.2
            +---------+---------+-------+---------+---------+-------
        D:1 |      46 |       0 |   0.0 |      22 |       0 |   0.0
        D:2 |      66 |     260 |  79.8 |      18 |       2 |  10.0
        D:3 |     222 |      72 |  24.5 |      24 |      14 |  36.8
        D:4 |     159 |     214 |  57.4 |      17 |       2 |  10.5
            +---------+---------+-------+---------+---------+-------

Illustrated notes

Table legend:
 A = Kills in this place as a percentage of kills in entire the game.
 B = Kills by you in this place as a percentage of kills by you in the entire game.
 C = Kills by friends in this place as a percentage of kills by friends in the entire game.
 D = Other kills in this place as a percentage of other kills in the entire game.
 E = Experience gained in this place as a percentage of experience gained in the entire game.
 F = Experience gained in this place divided by the number of levels of this place that you have seen.
                   A       B       C       D       E      F
               +-------+-------+-------+-------+-------+----------------------
         Total | 100.0 | 100.0 |   N/A |   N/A | 100.0 | 173.2
       Dungeon | 100.0 | 100.0 |   N/A |   N/A | 100.0 | 207.8
               +-------+-------+-------+-------+-------+----------------------

Table legend: (Time is in decaauts)
 A = Elapsed time spent in this place.
 B = Non-inter-level travel time spent in this place.
 C = Inter-level travel time spent in this place.
 D = Time resting spent in this place.
 E = Time spent auto-exploring this place.
 F = Levels seen in this place.
 G = Mean time per level.
                   A        B        C        D        E       F      G
               +--------+--------+--------+--------+--------+-----+--------+
         Total |   4453 |   4331 |    122 |    187 |   3460 |   6 |  742.2 |
       Dungeon |   4284 |   4162 |    122 |    187 |   3333 |   5 |  856.8 |
        Temple |    169 |    169 |      0 |      0 |    127 |   1 |  169.0 |
               +--------+--------+--------+--------+--------+-----+--------+

Top non-repeatable levels by time:
     D:3: 1263 daAuts
     D:2: 1252 daAuts
     D:4: 1054 daAuts
     D:1: 698 daAuts
  Temple: 169 daAuts
     D:5: 15 daAuts
